 Dungeon Crawl Stone Soup version 0.31-a0-1610-g9787180 (webtiles) character file.

Game seed: 10923396029924815104

83 PidgeyThePirate the Firebug (level 4, 0/24 HPs)
             Began as a Tengu Fire Elementalist on Jan 8, 2024.
             Killed from afar by Ijyb (7 damage)
             ... with a puff of flame
             ... on level 2 of the Dungeon.
             The game lasted 00:06:47 (1873 turns).

PidgeyThePirate the Firebug (TeFE)                  Turns: 1873, Time: 00:06:48

Health: 0/24       AC:  4    Str: 10    XL:     4   Next: 44%
Magic:  1/9        EV: 27    Int: 16    God:
Gold:   105        SH:  0    Dex: 14    Spells: 5/8 levels left

rFire   . . .        (no weapon)
rCold   . . .        (no shield)
rNeg    . . .        d - +1 leather armour
rPois   .            (helmet restricted)
rElec   .            (no cloak)
rCorr   +            (no gloves)
SInv    .            (boots unavailable)
Will    +....        (no amulet)
Stlth   ++           h - ring of resist corrosion
HPRegen 0.24/turn    i - ring of willpower
MPRegen 0.11/turn

%: acrobat
@: about to teleport, acrobatic
A: beak, talons 3, acrobatic
a: no special abilities


You were on level 2 of the Dungeon.
You visited 1 branch of the dungeon, and saw 3 of its levels.

You collected 105 gold pieces.

Inventory:

Armour
 a - a +0 robe
 d - a +1 leather armour (worn)
Jewellery
 h - a ring of resist corrosion (left hand)
 i - a ring of willpower (right hand)
Wands
 m - a wand of paralysis (8)
Scrolls
 c - a scroll of teleportation
 e - a scroll of amnesia {unknown}
 f - a scroll of enchant armour
 g - a scroll of acquirement
 k - a scroll of blinking {unknown}
 l - 5 scrolls of identify {unknown}
Potions
 b - a potion of magic


   Skills:
 + Level 0.7 Armour
 + Level 2.4 Dodging
 + Level 2.3 Stealth
 + Level 0.2 Unarmed Combat
 + Level 2.8 Spellcasting
 + Level 2.3 Conjurations
 + Level 4.2 Fire Magic


You had 5 spell levels left.
You knew the following spells:

 Your Spells              Type           Power      Damage    Failure   Level
a - Foxfire               Conj/Fire      48%        2x1d6     7%          1
b - Scorch                Fire           30%        2d6       7%          2

Your spell library contained the following spells:

 Spells                   Type           Power      Damage    Failure   Level
 Slow                     Hex            8%         N/A       26%         1
 Inner Flame              Hex/Fire       9%         N/A       32%         3
 Volatile Blastmotes      Fire/Tloc      18%        2d11      32%         3
 Ensorcelled Hibernation  Hex/Ice        4%         N/A       36%         2
 Flame Wave               Conj/Fire      12%        2d6       56%         4
 Confusing Touch          Hex            2%         N/A       61%         3
 Passwall                 Erth           2%         N/A       61%         3
 Sigil of Binding         Hex            2%         N/A       61%         3
 Summon Ice Beast         Ice/Summ       2%         N/A       61%         3
 Swiftness                Air            2%         N/A       61%         3
 Vampiric Draining        Necr           2%         2d6       61%         3
 Summon Mana Viper        Hex/Summ       2%         N/A       100%        5
 Monstrous Menagerie      Summ           1%         N/A       100%        7


Dungeon Overview and Level Annotations

Branches:
Dungeon (3/15)

Altars:

Annotations:
D:2 Ijyb


Innate Abilities, Weirdness & Mutations

You have a beak for a mouth.
You have claws for feet.
You can magically evade attacks while moving or waiting.


Message History

There is a stone staircase leading down here.
Ijyb is no longer more vulnerable to fire.
Ijyb zaps a wand.
The puff of flame hits you.
Ijyb zaps a wand.
The puff of flame hits you!
* * * LOW HITPOINT WARNING * * *
It was a potion of curing.
You feel better.
Unknown command.
Unknown command.
Unknown command.
Unknown command.
Unknown command.
Unknown command.
Unknown command.
Unknown command.
Unknown command.
Unknown command.
Unknown command.
Unknown command.
Unknown command.
Unknown command.
Unknown command.
Unknown command.
Unknown command.
Unknown command.
Unknown command.
Unknown command.
Unknown command.
Unknown command.
Unknown command.
As you read the scroll labelled ZIR FUN TOULUJO, it crumbles to dust.
It is a scroll of enchant armour.
Your +0 leather armour glows green for a moment.
This is a scroll of acquirement!
Something appears before you! Ijyb closely misses you.
As you read the scroll labelled XYLERU POUFARIPP, it crumbles to dust.
You feel strangely unstable.
It was a scroll of teleportation.
Ijyb hits you with a +0 dagger.
* * * LOW HITPOINT WARNING * * *
Ijyb zaps a wand.
The puff of flame hits you!
You die...

#.#.........#.................
#.#.##.....##..#...P.♣.####PP.
#.#.##.....##>.#♣♣.♣♣♣##♣♣..♣♣
#.#.##.....##.#♣PP.♣..)♣§♣§...
#.#.##..†..##.#.♣..♣.P.♣♣P...P
#...##.....##.###♣♣♣..P...♣.♣♣
######.....##g#..♣♣♣..♣.♣....♣
#.....##.##.♣..P.♣.♣..P..
#.....##@#......♣.†....♣♣
########)##.♣.†.♣..♣..♣..
#.###.♣♣♣..♣♣P.♣.♣
#.###P.♣...♣.♣(.P.
#.#....♣...♣♣P...♣
#.##P♣♣♣.P.♣♣♣♣.♣♣
#.#.♣♣♣..♣.♣....♣.
#.##♣....♣♣♣♣..##.
#....♣..##♣♣♣♣####


You could see Ijyb.

Vanquished Creatures
  3 gnolls
  A dart slug (D:1)
  An orc (D:3)
  5 endoplasms
  3 giant cockroaches
  6 goblins
  4 hobgoblins
  7 kobolds
  6 quokkas
  2 ball pythons
  5 bats
  2 frilled lizards
  3 rats
48 creatures vanquished.

Vanquished Creatures (collateral kills)
  2 foxfires (D:2)
2 creatures vanquished.

Vanquished Creatures (others)
  120 foxfires
120 creatures vanquished.

Grand Total: 170 creatures vanquished

Notes
Turn   | Place    | Note
-------+----------+-------------------------------------------
     0 | D:1      | PidgeyThePirate the Tengu Fire Elementalist began the quest
                  | for the Orb.
     0 | D:1      | Reached XP level 1. HP: 10/10 MP: 4/4
   108 | D:1      | Reached XP level 2. HP: 15/15 MP: 1/6
   462 | D:1      | Reached XP level 3. HP: 17/19 MP: 4/7
   502 | D:1      | Reached skill level 4 in Fire Magic
  1268 | D:2      | Reached XP level 4. HP: 12/24 MP: 1/9
  1823 | D:2      | Learned a level 2 spell: Scorch
  1856 | D:3      | Noticed Ijyb
  1870 | D:2      | Identified 2 scrolls of acquirement
  1870 | D:2      | Acquired the amulet "Vioxyel" {RegenMP Dex+4}
  1873 | D:2      | Killed from afar by Ijyb

Illustrated notes

Levels and vault maps discovered:
D:1:      dpeg_arrival_water_temple_mockup, layout_basic
D:2:      wad_woods_tower, layout_basic
D:3:      layout_loops_ring, uniq_grinder, uniq_robin, uniq_ijyb, uniq_jessica

Skill      XL: |  1  2  3 |
---------------+----------+-----
Fire Magic     | 4 |  4.2
Conjurations   | 2 |  2.3
Armour         | |  0.7
Dodging        | |  2.4
Stealth        | |  2.3
Unarmed Combat | |  0.2
Spellcasting   | |  2.8

Action                     |  1- 3 |  4- 6 || total
---------------------------+-------+-------++-------
  Melee: Unarmed           |     6 |     9 ||    15
         Kick              |     2 |     2 ||     4
         Peck              |       |     1 ||     1
   Cast: Foxfire           |    53 |    17 ||    70
         Scorch            |       |     4 ||     4
    Use: Scroll            |       |     3 ||     3
         Potion            |       |     1 ||     1
 Armour: Robe              |     1 |       ||     1
         Leather armour    |    15 |     9 ||    24
  Dodge: Dodged            |    28 |    19 ||    47

Table legend: (Time is in decaauts)
 A = Elapsed time spent in this place.
 B = Non-inter-level travel time spent in this place.
 C = Inter-level travel time spent in this place.
 D = Time resting spent in this place.
 E = Time spent auto-exploring this place.
 F = Levels seen in this place.
 G = Mean time per level.
                   A        B        C        D        E       F      G
               +--------+--------+--------+--------+--------+-----+--------+
         Total |   1872 |   1842 |     30 |      0 |   1417 |   3 |  624.0 |
       Dungeon |   1872 |   1842 |     30 |      0 |   1417 |   3 |  624.0 |
               +--------+--------+--------+--------+--------+-----+--------+

Top non-repeatable levels by time:
     D:1: 990 daAuts
     D:2: 875 daAuts
     D:3: 6 daAuts
